Map: Emerald City LE

Players

Rafaza - Winner!

  • Race: Terran Terran
  • Spawn Location: 11:00

Varis - Winner!

  • Race: Zerg Zerg
  • Spawn Location: 11:00

Cthulhu

  • Race: Terran Terran
  • Spawn Location: 5:00

Throwfordays

  • Race: Protoss Protoss
  • League: Silver
  • Spawn Location: 5:00

VOD

Have the link to the VOD?

Description

Time

  • Played on: Feb. 3, 2019, 10:26 p.m.
  • Length: 29:33
Show
View Real Time Build Order
Export as new Build Order

Rafaza Terran - Winner!

Build Orders: Mech 

Get SALT Encoding   

  12  0:01  SCV  
  13  0:13  SCV  
  14  0:23  Supply Depot  
  14  0:25  SCV  
  15  0:32  Refinery  
  15  0:44  SCV  
  16  0:51  Barracks  
  16  0:56  SCV  
  17  1:08  SCV  
  18  1:21  SCV  
  19  1:31  Refinery  
  19  1:33  SCV  
  19  1:36  Engineering Bay  
  20  1:45  SCV  
  22  1:47  Supply Depot  
  22  1:50  Reaper  
  22  1:57  SCV  
  23  2:14  Factory  
  23  2:19  Supply Depot  
  23  2:33  Barracks Reactor  
  23  2:41  Orbital Command  
  23  2:46  Command Center  
  23  3:08  SCV  
  24  3:26  SCV  
  24  3:37  Barracks Tech Lab  
  24  3:39  Factory, Missile Turret  
  24  3:44  SCV  
  24  3:45  Armory  
  24  3:46  Widow Mine x2  
  29  3:56  SCV  
  30  4:08  SCV  
  31  4:12  Barracks Tech Lab  
  31  4:31  SCV  
  31  4:33  Widow Mine  
  34  4:38  Terran Vehicle Weapons Level 1  
  34  4:46  SCV, Factory  
  34  4:47  SCV  
  34  4:51  Missile Turret  
  36  4:54  Mag-Field Accelerator  
  36  4:56  Siege Tank  
  39  5:16  SCV x2, Starport  
  39  5:20  Refinery  
  41  5:23  Supply Depot  
  41  5:26  Hellion  
  41  5:27  Hellion  
  45  5:41  SCV x2  
  47  5:53  Cyclone x2  
  47  5:54  SCV  
  47  5:55  SCV  
  55  6:04  Starport Tech Lab  
  55  6:11  Fusion Core, Orbital Command  
  55  6:13  SCV  
  56  6:20  Widow Mine x2  
  56  6:25  SCV  
  61  6:28  Supply Depot  
  61  6:31  Drilling Claws  
  61  6:33  Terran Vehicle And Ship Armor Level 1  
  61  6:40  SCV x2  
  61  6:45  Refinery  
  63  6:51  Supply Depot  
  63  6:59  Hellion  
  63  7:00  Cyclone  
  63  7:01  Siege Tank  
  71  7:03  SCV  
  71  7:04  SCV  
  73  7:10  Supply Depot  
  72  7:20  Missile Turret  
  72  7:34  Supply Depot  
  68  7:57  Missile Turret  
  68  8:04  Cyclone x2  
  73  8:29  SCV  
  73  8:30  SCV  
  75  8:35  Battlecruiser  
  75  8:36  Cyclone  
  84  8:43  SCV  
  84  8:44  SCV  
  86  8:50  Missile Turret  
  86  8:52  Terran Vehicle And Ship Armor Level 2  
  86  8:56  Hellion  
  88  9:11  SCV x2  
  90  9:18  Cyclone  
  90  9:19  Hellion, Cyclone  
  90  9:22  Infernal Pre-Igniter  
  98  10:39  SCV x2  
  98  10:41  Hellbat  
  102  11:01  Command Center  
  102  11:13  Supply Depot  
  102  11:14  Supply Depot x2  
  102  11:16  Terran Ship Weapons Level 1  
  102  11:18  Supply Depot x2  
  102  11:22  Cyclone x2  
  102  11:23  Hellion x2, Battlecruiser  
  110  12:13  Missile Turret  
  110  12:27  Battlecruiser  
  116  12:32  Orbital Command, Missile Turret  
  116  12:35  Refinery  
  116  12:37  Refinery  
  116  12:40  Cyclone  
  116  12:41  Cyclone  
  112  12:52  Missile Turret  
  91  13:13  Cyclone x2  
  99  13:20  Widow Mine x2  
  101  13:31  Raven  
  103  13:39  Terran Ship Weapons Level 2  
  105  13:41  Widow Mine x2  
  105  13:45  Cyclone x2  
  113  13:52  Armory  
  113  13:53  Starport  
  113  13:56  Starport  
  115  14:03  Widow Mine x2  
  115  14:05  SCV x2  
  115  14:07  SCV  
  120  14:14  Liberator  
  120  14:15  Supply Depot  
  120  14:16  Supply Depot  
  125  14:17  Widow Mine x2  
  129  14:24  Widow Mine x2  
  131  14:35  Starport Tech Lab  
  131  14:36  Starport Tech Lab  
  133  14:38  Widow Mine  
  133  14:39  Supply Depot, Hellion  
  133  14:41  Terran Vehicle And Ship Armor Level 3  
  139  14:45  Hellion  
  139  14:46  Hellion  
  139  14:57  Liberator  
  144  15:00  Raven, Hellion x2  
  144  15:01  Battlecruiser  
  147  15:40  Battlecruiser  
  123  15:43  Battlecruiser  
  104  16:05  Hellion, Cyclone x2  
  112  16:30  Terran Ship Weapons Level 3  
  112  16:33  SCV x2  
  112  16:37  Cyclone x2  
  120  16:48  Supply Depot x2  
  120  16:49  Supply Depot  
  100  17:09  Cyclone  
  100  17:10  Cyclone  
  106  17:35  Raven, Viking x2  
  112  17:41  Cyclone  
  112  17:42  Cyclone  
  118  17:57  Command Center  
  106  18:10  Viking x2  
  110  18:14  Cyclone x2  
  110  18:18  Viking  
  118  18:21  SCV  
  118  18:22  SCV x2  
  121  18:31  Terran Vehicle Weapons Level 2  
  121  18:40  Viking x2  
  125  18:46  Cyclone x2  
  131  18:51  Viking  
  133  19:02  Refinery x2  
  133  19:06  Missile Turret x2  
  133  19:08  Missile Turret  
  133  19:10  Viking  
  133  19:12  Corvid Reactor  
  133  19:15  SCV x2  
  133  19:16  SCV  
  138  19:18  Cyclone x2  
  138  19:19  Orbital Command  
  144  19:32  SCV x3  
  144  19:38  Widow Mine x2  
  151  19:50  Widow Mine x2  
  155  19:59  Widow Mine x2  
  159  20:04  Command Center  
  159  20:11  Widow Mine  
  159  20:12  Widow Mine  
  163  20:21  Widow Mine, Hellion  
  167  20:33  Hellion  
  145  21:19  Cyclone x2  
  145  21:22  Terran Vehicle Weapons Level 3  
  142  21:51  Cyclone x2  
  148  21:56  Viking x3  
  148  22:26  Viking x2, Raven  
  142  22:56  Viking x2  
  132  23:08  Refinery  
  132  23:09  Orbital Command  
  132  23:12  Refinery  
  132  23:15  Cyclone x2  
  138  23:47  Cyclone  
  138  23:48  Cyclone  
  113  24:20  Cyclone x2  
  92  24:37  Hellion x2  
  92  24:40  Raven  
  92  24:41  Viking x2  
  92  24:43  Orbital Command  
  98  24:52  Hellion, Cyclone  
  97  24:59  Hellion x2  
  94  25:11  Viking x2  
  94  25:13  Hellion  
  94  25:14  SCV x3  
  101  25:16  SCV  
  101  25:18  Refinery  
  104  25:23  Viking  
  104  25:24  Cyclone  
  109  25:35  Cyclone  
  112  25:43  Refinery  
  112  25:44  Refinery  
  112  25:56  Cyclone  
  115  26:07  Cyclone  
  114  26:28  Cyclone  
  117  26:39  Cyclone  
  120  26:44  Viking x3  
  125  27:00  Cyclone  
  91  27:11  Cyclone  
  91  27:13  Viking  
  91  27:14  Viking  
  96  27:25  Hellion x2  
  100  27:32  Cyclone  
  101  27:43  Cyclone  
  103  27:46  Hellion  
  103  27:47  Hellion  
  104  28:04  Cyclone  
  107  28:05  Command Center  
  107  28:08  Hellion x2  
  111  28:15  Cyclone  
  114  28:28  Refinery  
  114  28:29  Hellion x2  
  114  28:31  Refinery  
  116  28:36  Cyclone  
  119  28:47  Cyclone  
  122  28:51  Hellion x2  
  126  29:03  Viking  
Show
View Real Time Build Order
Export as new Build Order

Varis Zerg - Winner!

Build Orders: Hatch First 

Get SALT Encoding   

  12  0:02  Drone  
  13  0:08  Drone  
  14  0:20  Overlord  
  14  0:40  Drone x2  
  14  0:41  Drone  
  17  1:01  Hatchery  
  16  1:13  Extractor  
  16  1:16  Spawning Pool, Drone  
  16  1:17  Drone  
  16  1:19  Drone  
  17  2:04  Queen  
  17  2:07  Zergling x2  
  17  2:08  Zergling x4  
  22  2:12  Metabolic Boost  
  22  2:15  Queen  
  24  2:23  Drone x2  
  24  2:24  Roach Warren  
  25  2:41  Drone  
  25  2:44  Spore Crawler, Drone  
  27  2:46  Drone x2  
  28  2:54  Overlord  
  28  2:58  Overlord  
  28  3:08  Lair  
  27  3:32  Roach x4  
  33  3:37  Roach  
  33  3:38  Zergling x4  
  33  3:39  Zergling x2  
  38  3:51  Spore Crawler  
  37  3:56  Drone  
  37  3:58  Drone x3  
  37  3:59  Drone  
  37  4:00  Drone  
  43  4:10  Overlord  
  43  4:24  Drone  
  44  4:25  Overlord x2  
  44  4:39  Extractor  
  44  4:41  Evolution Chamber x2  
  44  4:42  Drone x2  
  44  4:43  Drone  
  44  4:59  Roach x4  
  52  5:00  Roach  
  52  5:04  Roach  
  57  5:07  Ravager  
  57  5:13  Drone x3  
  60  5:17  Extractor  
  59  5:33  Hatchery  
  58  5:37  Glial Reconstitution  
  58  5:42  Drone x3  
  61  5:43  Drone  
  62  6:00  Zerg Missile Weapons Level 1  
  62  6:04  Drone x6  
  64  6:09  Zerg Ground Armor Level 1  
  68  6:13  Overlord  
  68  6:32  Ravager  
  69  6:33  Ravager  
  69  6:36  Ravager  
  73  6:40  Roach  
  73  6:41  Overlord x3  
  73  6:47  Drone x3  
  73  6:51  Extractor, Drone x3  
  73  6:52  Drone  
  79  6:55  Overlord x2  
  79  7:03  Queen  
  79  7:05  Overlord  
  81  7:19  Spore Crawler  
  79  7:31  Drone x2  
  79  7:32  Drone  
  79  7:33  Spore Crawler  
  79  7:35  Spore Crawler  
  80  7:39  Spore Crawler  
  80  7:43  Drone x3  
  82  7:47  Overlord x3  
  82  7:50  Zergling x4  
  82  7:51  Zergling x10  
  89  7:58  Drone x2  
  89  8:04  Spore Crawler  
  90  8:06  Spore Crawler  
  90  8:07  Spore Crawler  
  88  8:14  Overseer  
  88  8:34  Roach x11  
  94  8:39  Ravager x4  
  114  8:50  Zerg Missile Weapons Level 2  
  114  8:51  Zerg Ground Armor Level 2  
  114  8:57  Hydralisk Den  
  114  8:59  Drone  
  114  9:07  Drone x2  
  114  9:08  Drone x3  
  119  9:21  Pneumatized Carapace  
  119  9:53  Zergling x24  
  119  9:54  Zergling x2  
  132  10:07  Overlord x3  
  132  10:12  Overlord x4  
  61  10:57  Roach  
  61  10:58  Roach x15  
  87  11:09  Extractor  
  87  11:11  Extractor, Drone x3  
  88  11:27  Spore Crawler  
  88  11:31  Drone x3  
  88  11:32  Drone x2  
  92  11:33  Drone  
  92  11:38  Spore Crawler, Roach x2  
  92  11:39  Roach x4  
  104  11:42  Zerg Melee Weapons Level 1  
  104  11:47  Muscular Augments, Infestation Pit  
  104  11:49  Drone  
  104  11:53  Roach x6  
  116  12:14  Drone x2  
  118  12:19  Drone  
  118  12:22  Overseer  
  119  12:23  Overseer  
  119  12:24  Hive  
  119  12:25  Hydralisk x3  
  119  12:26  Hydralisk x7  
  119  12:28  Hatchery, Hydralisk  
  140  12:30  Hydralisk  
  140  12:34  Ravager x4  
  140  12:36  Ravager x3  
  149  12:37  Ravager  
  146  12:58  Grooved Spines  
  103  13:25  Hydralisk x6  
  103  13:26  Hydralisk x11  
  137  13:29  Overlord  
  137  13:45  Queen  
  133  14:03  Roach x2  
  133  14:04  Roach x7  
  151  14:15  Lurker Den  
  150  14:35  Zerg Ground Armor Level 3, Zerg Missile Weapons Level 3  
  150  14:39  Roach  
  150  14:41  Overlord x3  
  150  14:43  Overlord x3  
  152  14:57  Spore Crawler  
  152  14:59  Spore Crawler  
  150  15:00  Spore Crawler  
  150  15:01  Spore Crawler, Drone x5  
  150  15:02  Drone  
  150  15:03  Drone  
  150  15:04  Drone x4  
  70  15:50  Hydralisk x6  
  70  15:51  Hydralisk x4  
  70  15:53  Zergling x2  
  70  15:54  Roach x3  
  97  16:11  Extractor  
  97  16:12  Extractor  
  87  16:33  Hydralisk x7  
  87  16:34  Hydralisk x7  
  85  17:12  Lurker x2  
  85  17:13  Lurker x2  
  85  17:14  Lurker x2  
  85  17:15  Lurker  
  92  17:17  Lurker x2  
  92  17:18  Lurker x4  
  92  17:20  Hydralisk x4  
  92  17:22  Zergling x2  
  107  17:23  Zergling x10  
  84  18:05  Roach  
  80  18:06  Roach x11  
  102  18:20  Adaptive Talons  
  102  18:36  Roach x5  
  102  18:40  Extractor  
  111  18:51  Hatchery  
  110  19:08  Queen  
  112  19:23  Roach x9  
  112  19:24  Roach  
  132  19:45  Ravager  
  132  19:46  Ravager x6  
  132  19:47  Ravager x2  
  132  19:52  Hatchery  
  140  20:00  Hydralisk x2  
  140  20:03  Queen  
  146  20:24  Spore Crawler  
  145  20:38  Queen  
  147  20:42  Hydralisk  
  147  20:43  Hydralisk x4  
  132  21:20  Ravager  
  133  21:27  Zergling x2  
  133  21:28  Zergling x42  
  133  21:29  Zergling x26  
  133  22:18  Ravager  
  96  22:40  Lurker  
  96  22:41  Ravager  
  84  22:44  Zergling x2  
  84  22:45  Zergling x2  
  84  22:46  Drone  
  84  22:47  Drone x2  
  84  22:50  Extractor  
  88  22:51  Extractor  
  88  22:52  Drone x3  
  88  22:53  Drone x3  
  88  22:57  Extractor  
  92  22:58  Hatchery  
  92  23:00  Extractor  
  90  23:44  Ravager  
  90  23:45  Ravager  
  92  23:51  Hydralisk  
  92  23:52  Hydralisk x6  
  92  23:53  Hydralisk  
  92  23:54  Zergling x2  
  92  23:55  Zergling x52  
  131  23:56  Zergling x10  
  140  24:11  Queen  
  142  24:18  Roach x11  
  142  24:19  Roach x2  
  142  24:24  Extractor, Hatchery  
  166  24:37  Overseer x3  
  166  24:38  Overseer x2  
  166  24:56  Adrenal Glands  
  166  24:58  Zerg Melee Weapons Level 2  
  125  25:42  Roach x11  
  153  25:43  Roach x9, Hydralisk  
  153  25:44  Hydralisk x2  
  153  25:45  Zergling x2  
  172  25:53  Spore Crawler  
  172  25:54  Spore Crawler  
  172  25:55  Spore Crawler  
  165  26:39  Zergling x2  
  151  26:40  Zergling x38  
  135  27:20  Drone x2, Spine Crawler  
  135  27:21  Spine Crawler  
  117  27:37  Roach  
  117  27:38  Roach x6  
  131  27:52  Drone x2  
  131  27:53  Drone x3  
  127  28:35  Roach x7  
  127  28:36  Roach  
  127  28:39  Ravager x3  
  127  28:40  Ravager  
  146  28:58  Ravager  
  146  28:59  Ravager x6  
  146  29:00  Ravager  
Show
View Real Time Build Order
Export as new Build Order

Cthulhu Terran 

Build Orders: Banshee Rush 

Get SALT Encoding   

  12  0:01  SCV  
  13  0:14  SCV  
  14  0:25  Supply Depot  
  14  0:28  SCV  
  15  0:46  SCV  
  16  1:00  Barracks  
  16  1:02  SCV  
  17  1:05  Refinery  
  17  1:08  Refinery  
  17  1:14  SCV  
  18  1:38  SCV  
  19  1:49  Supply Depot  
  19  1:52  Marine  
  20  1:55  Orbital Command  
  20  2:00  Factory  
  20  2:21  SCV  
  21  2:23  Marine  
  21  2:35  Supply Depot  
  21  2:41  Marine  
  22  2:47  Hellion  
  24  2:51  SCV  
  24  2:52  Starport  
  24  2:58  Engineering Bay  
  25  3:00  Armory  
  25  3:03  Marine  
  26  3:07  SCV  
  26  3:11  Hellion  
  29  3:31  Marine, SCV  
  29  3:34  Starport Tech Lab  
  31  3:37  Factory Tech Lab  
  31  3:40  Starport  
  31  3:55  Cloaking Field  
  31  3:58  Banshee  
  31  4:01  SCV  
  35  4:15  SCV  
  32  4:26  Banshee  
  32  4:29  Terran Ship Weapons Level 1  
  35  4:32  Supply Depot  
  35  4:37  SCV  
  36  4:40  Marine  
  37  4:52  Supply Depot  
  37  4:53  Banshee  
  37  4:54  SCV  
  37  4:56  Factory Tech Lab  
  41  5:00  Marine  
  42  5:09  Banshee  
  45  5:21  SCV  
  46  5:25  Refinery, Command Center  
  46  5:29  Marine  
  46  5:33  SCV  
  48  5:41  Siege Tank  
  51  6:05  SCV  
  52  6:25  Fusion Core  
  52  6:28  Viking  
  52  6:31  Starport  
  54  6:40  Orbital Command  
  54  6:41  Marine, Supply Depot  
  54  6:42  Hellion  
  54  7:44  Viking  
  54  7:45  Viking x2  
  54  8:28  Marine, SCV x2  
  54  8:29  Hellion  
  54  8:30  Viking x3  
  65  8:41  Supply Depot  
  65  8:43  Terran Ship Weapons Level 2  
  65  8:47  Barracks Tech Lab  
  65  8:53  Refinery, SCV  
  65  8:54  SCV  
  67  9:05  Viking  
  67  9:06  Viking  
  71  9:25  Starport Reactor  
  71  9:29  SCV x2  
  71  9:31  Siege Tank, Marauder  
  75  9:35  Concussive Shells  
  68  10:01  Battlecruiser  
  74  10:27  SCV x2  
  76  10:28  Viking x2  
  76  10:30  Battlecruiser  
  84  10:40  Stimpack  
  78  11:09  Viking x2, Battlecruiser  
  88  11:25  Terran Ship Weapons Level 3  
  88  11:26  Weapon Refit  
  81  12:16  Battlecruiser  
  81  12:18  Viking x2  
  76  13:34  Viking x2, Battlecruiser x2  
  84  14:02  SCV x2, Terran Vehicle And Ship Armor Level 1  
  86  14:03  Marauder  
  86  14:04  Siege Tank  
  91  14:24  Marine  
  91  14:27  Viking  
  91  14:31  Supply Depot x2  
  94  14:33  Viking  
  96  14:44  Command Center  
  96  14:52  Missile Turret  
  136  16:04  Viking x4  
  71  16:33  Terran Vehicle And Ship Armor Level 2  
  71  16:34  Viking  
  71  16:35  Supply Depot  
  73  17:00  Command Center  
  57  18:01  Viking  
  57  18:02  Viking x2  
  57  18:05  Widow Mine  
  53  18:26  Orbital Command, Widow Mine  
  55  18:27  Refinery  
  55  18:28  SCV x2  
  57  18:35  Viking x3  
  57  18:36  Refinery  
  63  18:47  Widow Mine  
  63  19:14  Viking x3  
  63  19:15  Viking  
  63  19:17  Terran Vehicle And Ship Armor Level 3  
  71  19:18  Supply Depot  
  71  19:57  Viking x2  
  71  19:58  Viking x2  
  79  20:02  Widow Mine  
  81  20:24  Widow Mine  
  81  20:27  Viking  
  85  20:45  Widow Mine  
  77  21:03  Viking x3  
  77  21:06  Widow Mine  
  77  21:20  Viking  
  77  21:33  Viking x3  
  77  21:50  Viking  
  79  21:56  Widow Mine  
  79  22:03  Viking x2  
  54  22:18  Widow Mine  
  44  22:39  SCV  
  44  22:40  SCV, Viking x2  
  44  22:41  Viking  
  46  22:47  Drilling Claws  
  46  22:49  Widow Mine  
  46  22:51  Viking  
  46  23:10  Viking, Widow Mine  
  50  23:30  Viking  
  50  23:31  Viking x2  
  50  23:32  Widow Mine  
  58  23:39  Marine  
  59  23:45  Factory  
  59  23:46  Factory  
  59  23:57  Marine  
  47  24:12  Viking x3  
  47  24:15  Marine  
  49  24:26  Widow Mine  
  49  24:28  Infernal Pre-Igniter  
  51  24:32  Hellion, Factory Reactor  
  51  24:33  Marine  
  54  24:47  Viking x2  
  54  24:48  Viking, Widow Mine  
  54  24:51  Marine  
  62  25:09  Widow Mine  
  48  25:51  Hellion x3  
  54  26:04  Hellion  
  56  26:18  Hellion x3  
  62  26:25  Command Center  
  62  26:26  Hellion, Command Center  
  62  26:39  Hellion  
  60  27:51  Orbital Command  
  60  28:05  Refinery  
  60  28:06  Refinery  
  42  28:36  Orbital Command  
Show
View Real Time Build Order
Export as new Build Order

Throwfordays Protoss 

Build Orders: Double Forge 

Get SALT Encoding   

  12  0:00  Probe  
  13  0:13  Probe  
  14  0:18  Pylon  
  14  0:32  Probe  
  15  0:42  Gateway  
  15  0:44  Probe  
  16  0:56  Probe  
  17  0:59  Assimilator  
  17  1:08  Probe  
  18  1:21  Probe  
  19  1:29  Cybernetics Core  
  19  1:33  Gateway  
  19  1:38  Probe  
  20  1:42  Pylon  
  20  1:48  Warp Gate  
  20  1:59  Nexus  
  20  2:03  Assimilator  
  20  2:08  Probe  
  21  2:21  Probe  
  22  2:24  Adept  
  22  2:29  Adept  
  26  2:33  Probe  
  27  2:55  Probe  
  28  3:07  Probe  
  29  3:13  Adept x2  
  29  3:19  Probe  
  34  3:31  Probe  
  34  3:32  Probe  
  36  3:42  Assimilator  
  36  3:44  Probe x2  
  36  3:47  Assimilator  
  38  3:52  Probe  
  38  3:56  Probe  
  38  3:57  Pylon  
  38  4:00  Sentry, Probe  
  38  4:01  Pylon  
  38  4:02  Sentry  
  44  4:09  Probe  
  46  4:15  Forge, Probe  
  47  4:21  Probe  
  47  4:22  Forge  
  48  4:25  Stalker  
  48  4:27  Probe  
  48  4:30  Stalker  
  53  4:33  Probe  
  54  4:39  Probe  
  54  4:44  Probe  
  56  4:49  Stalker  
  56  4:51  Probe  
  56  4:52  Probe  
  60  5:00  Probe  
  60  5:01  Gateway x2  
  60  5:04  Robotics Facility  
  60  5:05  Protoss Ground Weapons Level 1  
  60  5:06  Robotics Facility  
  61  5:07  Protoss Ground Armor Level 1  
  61  5:11  Probe  
  62  5:29  Pylon  
  62  5:31  Pylon  
  62  5:33  Pylon  
  62  5:36  Twilight Council  
  62  5:47  Robotics Facility, Probe  
  63  5:50  Stalker  
  63  5:51  Stalker  
  63  5:55  Immortal  
  71  6:00  Immortal  
  75  6:05  Blink  
  75  6:24  Nexus  
  75  6:27  Pylon  
  75  6:28  Probe  
  76  6:36  Probe  
  77  6:40  Probe  
  78  6:48  Probe  
  78  6:50  Stalker x3  
  78  6:53  Probe  
  86  7:00  Probe  
  87  7:05  Probe  
  87  7:07  Immortal  
  92  7:13  Probe  
  93  7:17  Probe  
  93  7:18  Assimilator  
  93  7:22  Assimilator  
  94  7:35  Probe  
  94  7:36  Probe, Immortal x2  
  104  7:48  Probe  
  105  7:59  Probe  
  105  8:00  Probe  
  105  8:02  Probe  
  105  8:05  Nexus  
  108  8:09  Assimilator  
  108  8:10  Protoss Ground Weapons Level 2  
  108  8:11  Probe  
  109  8:13  Assimilator, Protoss Air Weapons Level 1  
  109  8:20  Pylon  
  109  8:22  Pylon  
  109  8:25  Pylon  
  109  8:28  Pylon  
  109  8:30  Pylon  
  109  8:32  Pylon  
  109  8:34  Pylon  
  109  8:35  Pylon  
  109  8:37  Pylon  
  109  8:38  Probe x3  
  112  8:50  Probe x2  
  112  8:51  Pylon  
  114  9:09  Protoss Ground Armor Level 2  
  114  9:10  Probe  
  114  9:14  Probe  
  116  9:22  Probe  
  117  9:24  Dark Shrine  
  117  9:25  Templar Archives  
  117  9:26  Probe  
  117  9:29  Resonating Glaives  
  118  9:37  Robotics Bay  
  118  9:46  Immortal x3  
  130  9:56  Stalker x4  
  138  10:11  Protoss Air Armor Level 1, Stargate  
  80  11:03  Colossus x2  
  80  11:04  Colossus  
  86  11:07  Stalker x4  
  86  11:09  Charge  
  106  11:16  Probe  
  106  11:18  Nexus  
  107  11:20  Probe  
  107  11:22  Assimilator  
  107  11:23  Probe  
  109  11:28  Pylon, Probe  
  109  11:32  Probe  
  111  11:35  Probe  
  104  11:40  Probe  
  104  11:44  Stalker x2, Probe  
  110  11:47  Probe  
  110  11:53  Probe  
  112  11:56  Probe  
  112  11:58  Immortal x3  
  112  11:59  Probe  
  112  12:01  Protoss Ground Weapons Level 3, Protoss Ground Armor Level 3  
  126  12:02  Extended Thermal Lance  
  126  12:05  Probe  
  126  12:08  Probe  
  124  12:12  Probe  
  125  12:17  High Templar, Probe  
  125  12:18  High Templar x3  
  134  12:24  Archon x2  
  134  12:29  Probe  
  136  12:37  Observer x3  
  136  12:40  Fleet Beacon  
  104  13:18  High Templar x2  
  104  13:19  High Templar x2  
  112  13:23  Colossus x3  
  130  13:28  Probe  
  130  13:32  Probe  
  132  13:35  Probe  
  132  13:40  Probe  
  134  13:43  Gravitic Boosters  
  134  13:44  Probe  
  134  13:47  Probe  
  136  13:52  Probe  
  137  13:57  Probe  
  137  13:59  Probe  
  137  14:08  Archon x2  
  137  14:10  High Templar x4  
  137  14:11  Probe  
  146  14:20  Archon  
  146  14:21  Archon  
  146  14:24  Probe  
  147  14:31  Immortal x2  
  147  14:32  Immortal  
  159  14:43  Dark Templar  
  159  14:44  Dark Templar  
  163  15:03  Nexus  
  163  15:05  Assimilator  
  163  15:11  Assimilator, Immortal x3  
  175  15:35  Stalker x4  
  133  17:28  Stalker x3  
  133  17:29  Stalker  
  141  17:31  Immortal x3  
  125  18:02  Immortal x3  
  125  18:12  Stalker x2  
  141  18:14  Stalker x2  
  139  18:29  Probe  
  139  18:31  Probe  
  141  18:39  Observer x3  
  141  18:41  Probe  
  142  18:43  Probe  
  146  18:51  Assimilator  
  146  18:53  Probe  
  146  18:55  Probe  
  148  19:00  Colossus x2  
  148  19:01  Observer  
  161  19:05  Protoss Shields Level 1, Probe  
  161  19:07  Probe  
  161  19:09  Nexus  
  163  19:10  Nexus  
  163  19:17  Probe  
  163  19:19  Probe  
  163  19:20  Protoss Air Weapons Level 2  
  163  19:21  Colossus  
  171  19:53  Colossus x2  
  171  19:58  Probe  
  184  20:06  Assimilator  
  184  20:10  Assimilator, Probe  
  185  20:15  Colossus, Stalker x2  
  185  20:16  Stalker x2  
  123  22:46  Stalker x4  
  119  23:12  Probe  
  120  23:24  Probe  
  121  23:30  Dark Templar x3  
  121  23:31  Dark Templar  
  121  23:34  Immortal x3  
  141  23:36  Probe  
  142  23:48  Probe  
  142  24:00  Probe  
  134  24:12  Colossus  
  134  24:13  Colossus, Immortal  
  134  24:15  Stalker x4  
  131  24:43  Colossus  
  129  24:56  Colossus x2  
  107  25:31  Pylon  
  107  25:35  Assimilator, Observer  
  107  25:36  Pylon  
  107  25:39  Assimilator  
  108  25:44  Dark Templar x4  
  116  25:50  Observer x2  
  116  25:56  Observer  
  71  27:09  Stalker x3  
  71  27:10  Stalker  
  71  27:13  Photon Cannon x2  
  67  27:16  Photon Cannon  
  67  27:25  Colossus x3  
  84  27:37  Stargate  
  84  27:38  Stargate  
  84  27:40  Stargate  
  84  27:43  Stargate  
  74  27:50  Zealot x4  
  76  27:59  Nexus  
  76  28:19  Observer x3  
  79  28:26  Zealot x2  
  79  28:27  Zealot x2  
  84  28:40  Observer  
  66  28:51  Gateway  
  66  28:53  Gateway  
  66  28:55  Gateway  
  66  28:58  Gateway  
  66  29:01  Gateway  
Tags
 
Add a new tag
Caveats
  • Supply blocks, unpowered buildings, or Contaminate may cause inaccurate times.
  • Supply counts are checked every 10 seconds.